 Dungeon Crawl Stone Soup version 0.31-a0-479-g91c9547826 (webtiles) character file.

Game seed: 3445081203347868496

1031 Ethylacetat the Chopper (level 8, 0/43 HPs)
             Began as a Vine Stalker Monk on Aug 7, 2023.
             Shot with a sling bullet by a wight (6 damage)
             ... on level 6 of the Dungeon.
             The game lasted 00:07:51 (5603 turns).

Ethylacetat the Chopper (Vine Stalker Monk)         Turns: 5603, Time: 00:07:51

Health: 0/43       AC:  6    Str: 16    XL:     8   Next: 23%
Magic:  0/15       EV: 13    Int: 10    God:
Gold:   307        SH:  0    Dex: 17    Spells: 15/15 levels left

rFire   . . .        e - +1 spear (vamp)
rCold   . . .        d - orb {light}
rNeg    . . .        b - +0 robe
rPois   .            (no helmet)
rElec   .            (no cloak)
rCorr   .            (no gloves)
SInv    .            (no boots)
Will    +....        (no amulet)
Stlth   +            y - +4 ring of protection
HPRegen 1.07/turn    (no ring)
MPRegen 0.14/turn

%: guardian spirit
@: glowing
A: fangs 3, regeneration 1, magic shield, antimagic bite, no potion heal 2
a: no special abilities


You were on level 6 of the Dungeon.
You visited 2 branches of the dungeon, and saw 7 of its levels.

You collected 307 gold pieces.

Inventory:

Hand Weapons
 e - a +1 vampiric spear (weapon)
Armour
 b - a +0 robe (worn)
 d - an orb of light (worn)
Jewellery
 y - a +4 ring of protection (left hand)
 G - an amulet of magic regeneration
Wands
 x - a wand of flame (18)
 F - a wand of digging (5)
Scrolls
 g - 2 scrolls of vulnerability {unknown}
 h - 7 scrolls of identify {unknown}
 k - a scroll of brand weapon {unknown}
 m - 2 scrolls of acquirement {unknown}
 n - 2 scrolls of enchant weapon {unknown}
 p - a scroll of fear {unknown}
 q - a scroll of fog {unknown}
 r - a scroll of revelation {unknown}
 s - 5 scrolls of teleportation {unknown}
 v - a scroll of torment {unknown}
 B - a scroll of poison {unknown}
 D - a scroll of blinking {unknown}
 E - a scroll of noise {unknown}
Potions
 a - 2 potions of lignification
 c - a potion of ambrosia
 f - 2 potions of attraction {unknown}
 i - 2 potions of heal wounds {unknown}
 j - 3 potions of curing {unknown}
 l - a potion of magic {unknown}
 o - a potion of enlightenment {unknown}
 u - a potion of degeneration {unknown}
 w - 2 potions of resistance {unknown}
 z - 2 potions of invisibility {unknown}
 A - 2 potions of haste {unknown}
 C - 2 potions of berserk rage {unknown}
 H - a potion of brilliance {unknown}


   Skills:
 + Level 5.0 Fighting
 * Level 6.6 Axes
 - Level 2.4 Dodging
 + Level 4.4 Spellcasting


You had 15 spell levels left.
You didn't know any spells.
Your spell library contained the following spells:

 Spells                   Type           Power      Damage    Failure   Level
 Wereblood                Tmut           2%         N/A       36%         2
 Irradiate                Conj/Tmut      1%         3d12      100%        5


Dungeon Overview and Level Annotations

Branches:
Dungeon (6/15)             Temple (1/1) D:5

Altars:
Ashenzari
Cheibriados
Dithmenos
Elyvilon
Fedhas
Gozag
Kikubaaqudgha
Makhleb
Nemelex Xobeh
Okawaru
Qazlal
Sif Muna
Uskayaw
Vehumet
Wu Jian
Yredelemnul
The Shining One

Shops:
D:4 ?


Innate Abilities, Weirdness & Mutations

You have razor-sharp teeth.
Your natural rate of healing is unusually fast.
When hurt, damage is shared between your health and your magic reserves.
Your bite disrupts and absorbs the magic of your enemies.
Potions cannot restore your health.


Message History

The gnoll sergeant hits you with a +0 spear!
You hit the gnoll sergeant but do no damage.
You bite the gnoll sergeant, but do no damage.
The gnoll sergeant is heavily wounded.
The gnoll hits you with a +0 club.
The gnoll sergeant hits you with a +0 spear!
You hit the gnoll sergeant. You bite the gnoll sergeant.
You kill the gnoll sergeant!
The gnoll hits you with a +0 club.
Your Fighting skill increases to level 5!
You hit the gnoll but do no damage. You bite the gnoll. You drain its power.
You feel invigorated.
The gnoll is almost dead.
The gnoll closely misses you.
You puncture the gnoll!
You kill the gnoll!
The wight unwields a +3 hand axe.
The wight wields a +0 sling.
The wight shoots a sling bullet.
The sling bullet hits you.
Reach: e) +1 spear (vamp)
Press: ? - help, Dir - move target, f - wight
Aim: a wight, wielding a +0 sling and wearing a +0 robe (haloed, about 18% to evade your +1 vampiric spear)
You reach to attack!
You hit the wight.
The wight is moderately damaged.
The wight zaps a wand.
The puff of flame hits you!
* * * LOW HITPOINT WARNING * * *
Okay, then.
The wight shoots a sling bullet.
The sling bullet hits you!
* * * LOW HITPOINT WARNING * * *
The wight unwields a +3 flail.
The wight wields a +0 orcbow.
The wight shoots an arrow.
The arrow hits you!
* * * LOW HITPOINT WARNING * * *
Unknown command.
Unknown command.
The wight shoots a sling bullet.
The sling bullet closely misses you.
The wight shoots an arrow.
The arrow closely misses you.
You see here a +0 ring mail.
The wight shoots a sling bullet.
The sling bullet hits you.
* * * LOW HITPOINT WARNING * * *
The wight shoots a sling bullet.
The sling bullet hits you!
You die...

.†.##.###........#..##
.<.##..##........##..##
...#..#####.###.......##
#.###.# #.......†....#
... #.. ##..........##
....... ###........####
....... .......†.###
................#### ##
..... ....(...@..# #..
...........###.. .
.........#..#..##.
.......[###..#...
..........#..#.#
...........#..#
...[...z.)...## #
#....z..))...## ..#
#...........).##...##


You could see 2 wights.

Vanquished Creatures
  Sigmund (D:2)
  A phantom (D:6)
  A gnoll sergeant (D:6)
  2 scorpions
  A bullfrog (D:6)
  3 hounds (D:5)
  3 iguanas
  3 sleepcaps
  Robin (D:2)
  10 gnolls
  7 adders
  A white imp (D:6)
  An ufetubus (D:4)
  4 worms
  4 dart slugs
  3 orcs
  13 bats
  7 endoplasms
  3 giant cockroaches
  19 goblins
  10 hobgoblins
  4 jackals (D:1)
  7 kobolds
  3 quokkas (D:1)
  4 ball pythons
  3 frilled lizards
  9 rats
128 creatures vanquished.

Notes
Turn   | Place    | Note
-------+----------+-------------------------------------------
     0 | D:1      | Ethylacetat the Vine Stalker Monk began the quest for the
                  | Orb.
     0 | D:1      | Reached XP level 1. HP: 11/11 MP: 2/2
    54 | D:1      | Reached skill level 3 in Axes
    54 | D:1      | Reached XP level 2. HP: 16/16 MP: 3/3
    92 | D:1      | Found a faded altar of an unknown god.
   144 | D:1      | Reached skill level 1 in Spellcasting
   144 | D:1      | Reached XP level 3. HP: 6/20 MP: 0/5
   911 | D:2      | Gained mutation: Your natural rate of healing is unusually
                  | fast. [Vine Stalker growth]
   911 | D:2      | Reached XP level 4. HP: 24/24 MP: 7/7
   974 | D:2      | Noticed Robin
   989 | D:2      | Killed Robin
  1442 | D:2      | Reached skill level 4 in Axes
  1534 | D:2      | Noticed Sigmund
  1553 | D:2      | Killed Sigmund
  1554 | D:2      | Reached XP level 5. HP: 24/29 MP: 6/10
  1554 | D:2      | Reached XP level 6. HP: 27/33 MP: 6/11
  2009 | D:3      | Found a broken altar of Ashenzari.
  2334 | D:3      | Found an ornate altar of the Wu Jian Council.
  2437 | D:3      | Found a burning altar of Makhleb.
  2933 | D:4      | Reached skill level 5 in Axes
  3062 | D:4      | Found Lamyho's Magic Scroll Shoppe.
  3490 | D:4      | Found a sparkling altar of Nemelex Xobeh.
  3846 | D:4      | Reached XP level 7. HP: 37/37 MP: 12/12
  4020 | D:5      | Entered Level 5 of the Dungeon
  4976 | D:5      | Found a staircase to the Ecumenical Temple.
  5235 | Temple   | Entered the Ecumenical Temple
  5299 | D:5      | Reached skill level 6 in Axes
  5491 | D:6      | Gained mutation: You have razor-sharp teeth. [Vine Stalker
                  | growth]
  5491 | D:6      | Reached XP level 8. HP: 22/42 MP: 10/15
  5595 | D:6      | Reached skill level 5 in Fighting
  5598 | D:6      | HP: 2/43 [wight/arrow (6)]
  5603 | D:6      | Shot with a sling bullet by a wight

Illustrated notes

Levels and vault maps discovered:
D:1:      dpeg_arrival_rooms_c, layout_loops_ring, basic_ecumenical_altar,
          minmay_misc_feat_cross, minmay_nonomino_d4
D:2:      minmay_evil_eye, layout_basic, minmay_tiny_reverse_x, uniq_robin,
          uniq_sigmund
D:3:      layout_basic, evilmike_ruin_ashenzari, mainiacjoe_overflow_alcove_4,
          mainiacjoe_overflow_brackets
D:4:      minmay_razor_zed, layout_basic, lemuel_tele_altar, serial_shops, shop,
          hangedman_abyss_or_decor_passed, hangedman_abyss_or_decor_slice,
          chequers_avenue, amcnicky_mini_rare_corridor_liquid
D:5:      layout_layer_cave, temple_fountains
D:6:      layout_cave_pools, eino_small_chamber_without_monster, uniq_menkaure
Temple:   nicolae_temple_god_jail

Skill      XL: |  1  2  3  4  5  6  7  8 |
---------------+-------------------------+-----
Axes           | 3 4 5 6 |  6.6
Fighting       | 3 4 5 |  5.0
Spellcasting   | 1 2 3 4 |  4.4
Dodging        | |  2.4

Action                     |  1- 3 |  4- 6 |  7- 9 || total
---------------------------+-------+-------+-------++-------
  Melee: Spear             |    80 |   205 |   129 ||   414
         Bite              |    17 |    68 |    53 ||   138
  Evoke: Wand              |       |       |     2 ||     2
    Use: Potion            |       |       |     1 ||     1
   Stab: Distracted        |       |     1 |       ||     1
         Sleeping          |       |       |     1 ||     1
 Armour: Robe              |     8 |    24 |     6 ||    38
         Skin              |       |       |    11 ||    11
  Dodge: Dodged            |    41 |    77 |    65 ||   183

Table legend: (Time is in decaauts)
 A = Elapsed time spent in this place.
 B = Non-inter-level travel time spent in this place.
 C = Inter-level travel time spent in this place.
 D = Time resting spent in this place.
 E = Time spent auto-exploring this place.
 F = Levels seen in this place.
 G = Mean time per level.
                   A        B        C        D        E       F      G
               +--------+--------+--------+--------+--------+-----+--------+
         Total |   5585 |   5322 |    263 |     35 |   4483 |   7 |  797.9 |
       Dungeon |   5583 |   5320 |    263 |     35 |   4483 |   6 |  930.5 |
        Temple |      1 |      1 |      0 |      0 |      0 |   1 |    1.0 |
               +--------+--------+--------+--------+--------+-----+--------+

Top non-repeatable levels by time:
     D:5: 1311 daAuts
     D:2: 1102 daAuts
     D:4: 1089 daAuts
     D:3: 944 daAuts
     D:1: 875 daAuts
     D:6: 259 daAuts
  Temple: 1 daAuts
